 Dungeon Sprint DCSS version 0.20.1-1-g8b1a95d (webtiles) character file.

7 suicidejoker the Sneak (level 1, -1/9 HPs)
             Began as a Spriggan Enchanter on Sept 5, 2017.
             Slain by Crazy Yiuf
             ... wielding a +4 quarterstaff of chaos
              (5 damage)
             ... in the Dungeon (Sprint III: "The Ten Rune Challenge").
             The game lasted 00:01:09 (153 turns).

suicidejoker the Sneak (Spriggan Enchanter)          Turns: 153, Time: 00:01:09

Health: -1/9       AC:  2    Str:  4    XL:     1   Next: 83%
Magic:  5/5        EV: 18    Int: 16    God:
Gold:   11         SH:  0    Dex: 16    Spells: 5/6 levels left

rFire    . . .     SeeInvis +   a - +1 dagger
rCold    . . .     Gourm    .   (shield restricted)
rNeg     . . .     Faith    .   b - +0 robe
rPois    .         Spirit   .   (helmet restricted)
rElec    .         Reflect  .   (no cloak)
rCorr    .         Harm     .   (gloves unavailable)
MR       .....     NoTele   +   (boots unavailable)
Stlth    +++.......             (no amulet)
Regen    0.1/turn               (no ring)
MPRegen  0.1/turn               (no ring)

@: hasted, very quick
A: unfitting armour, see invisible, herbivore 3, speed 3, slow metabolism 2
a: no special abilities


You were in the Dungeon.
You were not hungry.

You visited 1 branch You collected 11 gold pieces.

Inventory:

Hand Weapons
 a - a +1 dagger (weapon)
Armour
 b - a +0 robe (worn)
Scrolls
 j - a scroll of blinking
Potions
 e - a potion of curing
 f - a potion of heal wounds
 h - 2 potions of magic
 i - a potion of berserk rage
Books
 c - a book of Maledictions

   Spells                             Type                      Level
   a - Corona                         Hexes                        1
   b - Ensorcelled Hibernation        Hexes/Ice                    2
   c - Confuse                        Hexes                        3
   d - Tukima's Dance                 Hexes                        3
   e - Dazzling Spray                 Conjuration/Hexes            3
Comestibles
 d - a bread ration
 k - a royal jelly


   Skills:
 + Level 1.3 Short Blades
 + Level 3.2 Dodging
 * Level 5.7 Stealth
 + Level 3.1 Spellcasting
 + Level 4.5 Hexes


You had 5 spell levels left.
You knew the following spells:

 Your Spells              Type           Power        Failure   Level  Hunger
a - Corona                Hex            ###....      2%          1    None


Dungeon Overview and Level Annotations

Branches:
Dungeon (1/1)

Altars:

Annotations:
D Crazy Yiuf


Innate Abilities, Weirdness & Mutations

You are very small and have problems with some larger weapons.
You are too small for most types of armour.
You have supernaturally acute eyesight. (SInv)
You are a herbivore.
You cover ground extremely quickly.
You need consume almost no food.


Message History

You see here a rat corpse.
You start waiting.
Done waiting.
A human comes into view.
You feel yourself speed up.
Crazy Yiuf the Enlightened comes into view.
He is wielding a quarterstaff of chaos.
Crazy Yiuf shouts!
The human shouts!
You hit the human but do no damage. The human hits you.
Ouch! That really hurt!
You hit the human.
The human is lightly wounded.
You hit the human but do no damage.
The human is lightly wounded.
The human misses you.
You hit the human.
The human is lightly wounded.
Crazy Yiuf hits you with a quarterstaff of chaos.
Ouch! That really hurt!
You die...

▓▓▓▓▓▓▓▓▓ ▓▓
▓<..#...#### #.#
▓...#......## ..#
▓..##.......# ..#
▓##.##.##..†# ..#
##.##.###..# +#..#
▓#.####.##..# #.p.+
▓.###..##..####@..#
▓#.....##†.###.g..#
###..##...##.....#
##..##....#......#
#..###..##.#.....#
#..# #..#####....#
▓▓▓▓ ▓▓▓▓ ▓▓▓▓▓▓


You could see a human and Crazy Yiuf.

Vanquished Creatures
  An ooze (D)
  3 rats (D)
4 creatures vanquished.

Vanquished Creatures (others)
  5 hellions (D)
  A yaktaur (D)
6 creatures vanquished.

Grand Total: 10 creatures vanquished

Notes
Turn   | Place    | Note
-------+----------+-------------------------------------------
     0 | D        | suicidejoker the Spriggan Enchanter began the quest for the Orb.
     0 | D        | Reached XP level 1. HP: 9/9 MP: 5/5
     9 | D        | Reached skill level 5 in Stealth
   107 | D        | Killed a hellion
   107 | D        | Killed a hellion
   117 | D        | Killed a hellion
   130 | D        | Killed a yaktaur
   143 | D        | Killed a hellion
   146 | D        | Noticed Crazy Yiuf
   146 | D        | Killed a hellion
   153 | D        | Slain by Crazy Yiuf

Skill      XL: |  1 |
---------------+----+-----
Stealth        | 5 |  5.7
Spellcasting   | 3 |  3.1
Hexes          | 4 |  4.5
Short Blades   | |  1.3
Dodging        | |  3.2

Action                   || total
-------------------------++-------
Melee: Dagger            ||    10
  Use: Potion            ||     1
 Stab: Sleeping          ||     2
Armor: Robe              ||     1
Dodge: Dodged            ||     3
